 Dungeon Crawl Stone Soup version 0.28.0-47-ge53b351184 (webtiles) character file.

Game seed: 13162741803533036689

55 NinjaNoafa the Firebug (level 3, 0/26 HPs)
             Began as a Draconian Fire Elementalist on May 2, 2022.
             Succumbed to an adder's poison
             ... on level 2 of the Dungeon.
             The game lasted 00:02:45 (1936 turns).

NinjaNoafa the Firebug (DrFE)                       Turns: 1936, Time: 00:02:46

Health: 0/26       AC:  6    Str:  9 (12) XL:     3   Next: 67%
Magic:  2/6        EV: 12    Int: 14 (15) God:
Gold:   25         SH:  0    Dex: 10 (11) Spells: 3/6 levels left

rFire   . . .      SeeInvis .   d - +0 short sword
rCold   . . .      Faith    .   (no shield)
rNeg    . . .      Spirit   .   (armour unavailable)
rPois   .          Reflect  .   (helmet restricted)
rElec   .          Harm     .   (no cloak)
rCorr   .          Rampage  .   (no gloves)
Will    .....                   h - +0 pair of boots
Stlth   ++........              (no amulet)
HPRegen 0.08/turn               (no ring)
MPRegen 0.10/turn               (no ring)

@: lethally poisoned (0 -> -4), very slightly contaminated
A: AC +5, unfitting armour, cold-blooded
a: no special abilities


You were on level 2 of the Dungeon.
You visited 1 branch of the dungeon, and saw 2 of its levels.

You collected 25 gold pieces.

Inventory:

Hand Weapons
 d - a +0 short sword (weapon)
Missiles
 a - 5 poisoned darts
 e - 7 stones
Armour
 h - a +0 pair of boots (worn)
Scrolls
 g - a scroll of brand weapon {unknown}
Potions
 c - a potion of curing {unknown}
 f - a potion of brilliance {unknown}
 i - a potion of ambrosia {unknown}
 j - a potion of lignification {unknown}
 k - a potion of resistance {unknown}


   Skills:
 + Level 2.3 Dodging
 + Level 2.3 Stealth
 + Level 2.4 Spellcasting
 + Level 1.7 Conjurations
 + Level 3.3 Fire Magic


You had 3 spell levels left.
You knew the following spells:

 Your Spells              Type           Power      Damage    Failure   Level
a - Foxfire               Conj/Fire      32%        2x1d5     9%          1
b - Scorch                Fire           22%        2d6       9%          2

Your spell library contained the following spells:

 Spells                   Type           Power      Damage    Failure   Level
 Conjure Flame            Conj/Fire      8%         6-21      24%         3
 Corpse Rot               Necr/Air       2%         N/A       34%         2
 Inner Flame              Hex/Fire       6%         N/A       34%         3
 Flame Wave               Conj/Fire      8%         2d5       63%         4
 Dispel Undead            Necr           1%         3d6       92%         4
 Death Channel            Necr           0%         N/A       100%        6


Dungeon Overview and Level Annotations

Branches:
Dungeon (2/15)

Altars:


Innate Abilities, Weirdness & Mutations

Your plain brown scales are hard. (AC +5)
You cannot fit into any form of body armour.
You are cold-blooded and may be slowed by cold attacks.


Message History

You hit the iguana but do no damage.
Your tail-slap misses the iguana.
The iguana is moderately wounded.
The adder bites you. The iguana closely misses you.
Casting: Foxfire (safe; 8% risk of failure)
Confirm with . or Enter, or press ? or * to list all spells.
You conjure some foxfire!
The adder bites you but does no damage. The iguana barely misses you.
The foxfire hits the adder.
The adder is moderately wounded.
The foxfire hits the adder.
The adder is heavily wounded.
The adder misses you.
Casting: Foxfire (safe; 8% risk of failure)
Confirm with . or Enter, or press ? or * to list all spells.
You conjure some foxfire!
The foxfire hits the adder.
The adder is severely wounded.
The iguana closely misses you.
Casting: Foxfire (safe; 8% risk of failure)
Confirm with . or Enter, or press ? or * to list all spells.
You miscast Foxfire.
You are very lightly contaminated with residual magic.
Nothing appears to happen.
The adder closely misses you.
The iguana bites you but does no damage.
Casting: Foxfire (safe; 8% risk of failure)
Confirm with . or Enter, or press ? or * to list all spells.
You conjure some foxfire!
The adder bites you.
You are poisoned.
The adder poisons you! The iguana bites you!
* * * LOW HITPOINT WARNING * * *
* * * LOW HITPOINT WARNING * * *
You feel sick.
The foxfire hits the adder.
The adder is almost dead.
The foxfire hits the adder.
You kill the adder!
The foxfire hits the iguana but does no damage.
The iguana is moderately wounded.
It was a potion of degeneration.
There was something very wrong with that liquid.
You feel weakened.
You feel dopey.
You feel clumsy.
You die...

###.##.... #.## #.. .# ###
..# #.# .# #####.#####.# .#
#........##.# >#
#........##.# .#
####........##.# #
.........†..##.#
....#####l.###.##### ..
#.§§@§........# ##
#.###..##.###.# .# #
#....##.# #.# .# #.##.##.#
#.# .# #.##.##.# #.# .#
#..#.##.# #.# .# #.##.##.#
#.#
.##############.##..#.###.#
............#.#.#.........#


You could see an iguana.

Vanquished Creatures
  An adder (D:2)
  A worm (D:2)
  4 dart slugs
  3 ball pythons (D:1)
  6 bats
  2 giant cockroaches
  4 goblins
  A hobgoblin (D:1)
  4 kobolds (D:1)
  2 quokkas (D:1)
  A frilled lizard (D:1)
  3 rats
32 creatures vanquished.

Vanquished Creatures (others)
  97 foxfires
97 creatures vanquished.

Grand Total: 129 creatures vanquished

Notes
Turn   | Place    | Note
-------+----------+-------------------------------------------
     0 | D:1      | NinjaNoafa the Draconian Fire Elementalist began the quest
                  | for the Orb.
     0 | D:1      | Reached XP level 1. HP: 14/14 MP: 3/3
   257 | D:1      | Reached XP level 2. HP: 17/20 MP: 0/5
  1047 | D:1      | Reached XP level 3. HP: 26/26 MP: 3/6
  1549 | D:2      | Learned a level 2 spell: Scorch
  1935 | D:2      | HP: 1/26 [poisoned by an adder]
  1936 | D:2      | Succumbed to an adder's poison

Illustrated notes

Levels and vault maps discovered:
D:1:      saegor_arrival_simple_c, layout_loops_ring, minmay_misc_feat_tiny,
          hangedman_decor_growths, minmay_ruptured
D:2:      layout_basic

Skill      XL: |  1  2 |
---------------+-------+-----
Stealth        | 2 |  2.3
Dodging        | 2 |  2.3
Spellcasting   | |  2.4
Conjurations   | |  1.7
Fire Magic     | |  3.3

Action                   || total
-------------------------++-------
Melee: Unarmed           ||     6
       Short sword       ||     9
       Tailslap          ||     2
 Cast: Foxfire           ||    68
  Use: Potion            ||     1
Armor: Skin              ||     9
Dodge: Dodged            ||    40
